 Dungeon Crawl Stone Soup version 0.27-a0-1193-g8631133539 (webtiles) character file.

Game seed: 17766411038307560185

7273 lightspider the Fighter (level 10, 0/82 HPs)
             Began as a Demonspawn Monk on May 26, 2021.
             Was a Priest of Wu Jian.
             Slain by an orc wizard
             ... wielding a +0 dagger
              (1 damage)
             ... on level 10 of the Dungeon.
             The game lasted 00:56:05 (14398 turns).

lightspider the Fighter (Demonspawn Monk)          Turns: 14398, Time: 00:56:06

Health: 0/82       AC: 14    Str: 14    XL:     10   Next: 89%
Magic:  0/10       EV: 14    Int: 12    God:    Wu Jian [***...]
Gold:   496        SH:  4    Dex: 16    Spells: 9/9 levels left

rFire    . . .     SeeInvis .   q - +2 long sword
rCold    + + .     Faith    .   (no shield)
rNeg     . . .     Spirit   +   t - +2 swamp dragon scales
rPois    +         Reflect  .   F - +0 helmet
rElec    .         Harm     .   (no cloak)
rCorr    .         Rampage  .   (no gloves)
Will     .....                  (no boots)
Stlth    +.........             f - amulet of magic regeneration
HPRegen  0.00/turn              d - ring "Wuxaimaw" {rPois rC++}
MPRegen  0.49/turn              (no ring)

@: mighty, unable to read
A: claws 2, icy blue scales 1, magic shield, magic regeneration, condensation
shield, screaming 1, inhibited regeneration, inability to read while threatened
a: Renounce Religion, Wall Jump, Serpent's Lash


You were on level 10 of the Dungeon.
You worshipped Wu Jian.
Wu Jian was most pleased with you.
You visited 2 branches of the dungeon, and saw 11 of its levels.
You also visited: Sewer.

You collected 496 gold pieces.

Inventory:

Hand Weapons
 a - a +1 falchion
 h - a +1 long sword
 q - a +2 long sword (weapon)
Missiles
 g - a throwing net
 p - 65 poisoned darts (quivered)
 r - 2 curare-tipped darts
Armour
 b - a +0 robe
 i - a +1 ring mail
 t - +2 swamp dragon scales (worn)
 y - a +2 tower shield of poison resistance
 B - a +0 plate armour
 F - a +0 helmet (worn)
Magical Staves
 o - a staff of conjuration
Jewellery
 d - the ring "Wuxaimaw" (left claw) {rPois rC++}
   (You acquired it on level 1 of the Dungeon)

   [ring of poison resistance]

   It greatly protects you from cold.
   It protects you from poison.
 f - an amulet of magic regeneration (around neck)
 m - a ring of poison resistance
 s - a ring of resist corrosion
 w - a ring of ice
Wands
 j - a wand of flame (21)
 v - a wand of polymorph (3)
 z - a wand of iceblast (7)
 G - a wand of digging (7)
Scrolls
 x - a scroll of holy word
 C - a scroll of vulnerability {unknown}
 E - 2 scrolls of teleportation
 H - a scroll of amnesia
Potions
 c - 2 potions of cancellation
 e - 4 potions of flight
 k - 3 potions of attraction
 l - a potion of might
 n - 2 potions of brilliance
 u - a potion of haste


   Skills:
 + Level 8.7 Fighting
 + Level 7.8 Long Blades
 + Level 8.1 Armour
 + Level 7.8 Dodging
 - Level 1.9 Stealth
 + Level 7.1 Unarmed Combat


You had 9 spell levels left.
You didn't know any spells.
Your spell library contained the following spells:

 Spells                   Type           Power      Damage    Failure   Level
 Freeze                   Ice            0%         1d3       52%         1
 Magic Dart               Conj           0%         1d3       52%         1
 Searing Ray              Conj           0%         3d3       65%         2
 Dazzling Flash           Conj/Hex       0%         N/A       87%         3
 Frozen Ramparts          Ice            0%         1d2       87%         3
 Ozocubu's Armour         Ice            0%         N/A       87%         3
 Fulminant Prism          Conj/Hex       0%         3d6       99%         4
 Hailstorm                Conj/Ice       0%         3d3       99%         4
 Iskenderun's Mystic Bla  Conj/Tloc      0%         2d3       99%         4
 Metabolic Englaciation   Hex/Ice        0%         N/A       100%        5


Dungeon Overview and Level Annotations

Branches:
Dungeon (10/15)            Temple (1/1) D:6           Sewer (visited)
   Lair: D:8-11         Orc: D:9-12

Altars:
Ashenzari
Cheibriados
Dithmenos
Elyvilon
Fedhas
Gozag
Hepliaklqana
Kikubaaqudgha
Makhleb
Nemelex Xobeh
Okawaru
Qazlal
Ru
Sif Muna
Trog
Uskayaw
Vehumet
Wu Jian
Xom
Yredelemnul
Zin
The Shining One

Annotations:
D:10 Joseph


Innate Abilities, Weirdness & Mutations

You have very sharp fingernails.
You are partially covered in icy blue scales. (AC +2)
When hurt, damage is shared between your health and your magic reserves.
You regenerate magic rapidly.
A meltable shield of frost defends you. (SH +4)
You occasionally shout uncontrollably at your foes.
You do not regenerate when monsters are visible.
You sometimes lose the ability to read scrolls when taking damage.


Message History

* * * LOW HITPOINT WARNING * * *
You feel much better. You block something's attack. You block Joseph's attack.
The orc warrior closely misses you.
You slash Joseph!
Joseph is severely wounded.
Something hits you but does no damage.
Joseph hits you with a +2 quarterstaff of pain.
You writhe in agony.
The orc warrior hits you but does no damage.
You hit Joseph.
Joseph is severely wounded.
Something hits you.
Joseph hits you with a +2 quarterstaff of pain.
* * * LOW HITPOINT WARNING * * *
You block the orc warrior's attack.
You hit Joseph.
Joseph is severely wounded.
An orc wizard appears from thin air!
Reactivating autopickup.
The orc wizard barely misses you.
You riposte.
You barely miss the orc wizard.
The orc wizard is moderately wounded.
Joseph hits you with a +2 quarterstaff of pain.
* * * LOW HITPOINT WARNING * * *
The orc warrior hits you with a +0 flail!
* * * LOW HITPOINT WARNING * * *
You hit Joseph but do no damage.
Joseph is severely wounded.
You block the orc wizard's attack.
Joseph hits you with a +2 quarterstaff of pain!
* * * LOW HITPOINT WARNING * * *
The orc warrior closely misses you.
You feel very mighty all of a sudden. You block the orc wizard's attack.
Joseph completely misses you.
You riposte.
You slash Joseph!
Joseph is almost dead.
The orc warrior misses you.
You slash the orc wizard!
The orc wizard is almost dead.
The orc wizard hits you with a +0 dagger.
You die...

######### ........#
......o@#
......@o#############
......).............#
####................#
#................#
#....#########...#
#....#.......#...#
#....#.......#...#
#....#.......#...#


You could see Joseph, an orc warrior and an orc wizard.

Vanquished Creatures
  A two-headed ogre (D:9)
  4 centaur zombies
  Maggie (D:6)
  Sigmund (D:3)
  5 yaks (D:9)
  2 steam dragons
  Menkaure (D:5)
  Edmund (D:6)
  2 water moccasins
  An ice beast (D:8)
  3 orc warriors
  2 sky beasts
  3 necrophages
  4 ogres (D:6)
  3 centaurs
  A phantom (D:7)
  Blork the orc (D:6)
  4 kobold brigands (Sewer)
  3 bullfrogs
  A water moccasin zombie (D:5)
  A water moccasin skeleton (D:6)
  10 killer bees
  2 howler monkeys
  9 wights
  5 hounds
  2 jellies
  A centaur skeleton (D:7)
  7 orc priests
  An iguana (D:3)
  Natasha (thrice) (D:3)
  11 orc wizards
  2 howler monkey zombies (D:8)
  4 gnolls
  9 adders
  8 river rats
  A shadow imp (D:4)
  2 white imps
  2 worms
  2 dart slugs
  33 orcs
  7 endoplasms
  3 giant cockroaches
  9 goblins
  6 hobgoblins
  10 jackals
  19 kobolds
  3 quokkas
  10 ball pythons
  3 bats
  7 frilled lizards
  23 rats
259 creatures vanquished.

Vanquished Creatures (others)
  An orc wizard (D:7)
  A bush (D:8)
  13 plants (D:8)
15 creatures vanquished.

Grand Total: 274 creatures vanquished

Notes
Turn   | Place    | Note
-------+----------+-------------------------------------------
     0 | D:1      | lightspider the Demonspawn Monk began the quest for the
                  | Orb.
     0 | D:1      | Reached XP level 1. HP: 18/18 MP: 1/1
   603 | D:1      | Gained mutation: You have sharp fingernails. [demonic
                  | ancestry]
   603 | D:1      | Reached XP level 2. HP: 24/24 MP: 2/2
  1424 | D:1      | Identified a scroll of acquirement
  1424 | D:1      | Acquired the ring "Wuxaimaw" {rPois rC++}
  1516 | D:2      | Gained mutation: You regenerate magic rapidly. [demonic
                  | ancestry]
  1516 | D:2      | Reached XP level 3. HP: 29/29 MP: 3/3
  1979 | D:2      | Reached skill level 5 in Fighting
  1979 | D:2      | Reached skill level 5 in Armour
  1979 | D:2      | Reached skill level 5 in Dodging
  1979 | D:2      | Gained mutation: When hurt, damage is shared between your
                  | health and your magic reserves. [demonic ancestry]
  1979 | D:2      | Reached XP level 4. HP: 39/39 MP: 4/4
  1980 | D:2      | Reached skill level 5 in Unarmed Combat
  1980 | D:2      | Gained mutation: You are partially covered in icy blue
                  | scales. (AC +2) [demonic ancestry]
  1980 | D:2      | Reached XP level 5. HP: 47/47 MP: 5/5
  2649 | D:3      | Noticed Sigmund
  2663 | D:3      | Killed Sigmund
  2664 | D:3      | Reached XP level 6. HP: 32/55 MP: 6/6
  2793 | D:3      | Noticed Natasha
  2801 | D:3      | Killed Natasha
  2920 | D:3      | Found a bloodstained altar of Trog.
  2936 | D:3      | Noticed Natasha
  2958 | D:3      | Killed Natasha
  3022 | D:3      | Noticed Natasha
  3030 | D:3      | Killed Natasha
  3454 | D:3      | Reached XP level 7. HP: 17/60 MP: 4/7
  4510 | D:4      | Found a shimmering altar of Xom.
  4734 | D:4      | Found a sand-covered staircase.
  4805 | D:4      | Found a glowing drain.
  4816 | Sewer    | Entered a sewer
  5802 | Sewer    | Gained mutation: You have very sharp fingernails. [demonic
                  | ancestry]
  5802 | Sewer    | Reached XP level 8. HP: 60/67 MP: 8/8
  6566 | D:5      | Entered Level 5 of the Dungeon
  7059 | D:5      | Noticed Menkaure
  7066 | D:5      | Killed Menkaure
  7769 | D:6      | Noticed Blork the orc
  7773 | D:6      | Noticed Edmund
  7787 | D:6      | Killed Blork the orc
  7822 | D:6      | Killed Edmund
  7823 | D:6      | Gained mutation: A meltable shield of frost defends you.
                  | (SH +4) [demonic ancestry]
  7823 | D:6      | Reached XP level 9. HP: 31/72 MP: 7/9
  8318 | D:6      | Noticed Maggie
  8348 | D:6      | Killed Maggie
  8920 | D:6      | Found a staircase to the Ecumenical Temple.
  8926 | Temple   | Entered the Ecumenical Temple
  9013 | Temple   | Became a worshipper of the Wu Jian Council
  9013 | Temple   | Reached * piety under Wu Jian
  9013 | Temple   | Reached ** piety under Wu Jian
  9086 | D:6      | Found a shadowy altar of Dithmenos.
  9584 | D:7      | Found a large runed translucent door.
  9584 | D:7      | Found a large runed translucent door.
 10660 | D:7      | Reached XP level 10. HP: 65/66 MP: 10/10
 10763 | D:7      | Found a sparkling altar of Nemelex Xobeh.
 10766 | D:7      | Found a radiant altar of Vehumet.
 11598 | D:8      | Gained mutation: You sometimes lose the ability to read
                  | scrolls when taking damage. [potion of mutation]
 11598 | D:8      | Gained mutation: You occasionally shout uncontrollably at
                  | your foes. [potion of mutation]
 11598 | D:8      | Gained mutation: You do not regenerate when monsters are
                  | visible. [potion of mutation]
 11598 | D:8      | HP: 2/70 [orc priest/nerve-wracking pain (5)]
 11604 | D:8      | HP: 3/105 [orc priest/divine providence (6)]
 12236 | D:8      | Found a blossoming altar of Fedhas.
 12695 | D:9      | Reached *** piety under Wu Jian
 13218 | D:9      | Noticed a two-headed ogre
 13277 | D:9      | Killed a two-headed ogre
 14307 | D:10     | Entered Level 10 of the Dungeon
 14361 | D:10     | Noticed Joseph
 14396 | D:10     | HP: 1/82 [Joseph/+2 quarterstaff of pain (10)]
 14398 | D:10     | Slain by an orc wizard

Illustrated notes

Levels and vault maps discovered:
D:1:      beargit_arrival_greenhouse, layout_loops_ring
D:2:      layout_loops_cross, serial_bayou_pond_c, minmay_indecisive_spiral
D:3:      layout_basic, nicolae_overflow_crystal_walls, minmay_puff,
          uniq_sigmund, uniq_natasha
D:4:      layout_gridville, marbit_many_paths, portal_sewer_entry_b,
          nicolae_ossuary_entry_false_entrances
D:5:      layout_loops_ring, uniq_menkaure
D:6:      layout_loops_corners, kennysheep_little_box, minmay_temple_entry_hall,
          kennysheep_minor_cross, uniq_maggie, uniq_edmund, uniq_blork_the_orc
D:7:      layout_rooms, jmf_multi_god_temple2, st_stairs_7, sigmund_army
D:8:      layout_cave_pods, fedhas_altar_decomposition
D:9:      layout_roguey
D:10:     layout_irregular_city, minmay_orc_entry_temple_small, serial_shops,
          shop, nicolae_underground_beach, uniq_joseph, uniq_sonja,
          uniq_nergalle
Temple:   nicolae_temple_x_marks_the_god

Skill      XL: |  1  2  3  4  5  6  7  8  9 10 |
---------------+-------------------------------+-----
Dodging        | 3 5 6 7 |  7.8
Long Blades    | 4 6 7 |  7.8
Fighting       | 5 6 7 8 |  8.7
Armour         | 5 6 7 8 |  8.1
Unarmed Combat | 3 5 6 7 |  7.1
Stealth        | |  1.9

Action                   |  1- 3 |  4- 6 |  7- 9 | 10-12 || total
-------------------------+-------+-------+-------+-------++-------
Melee: Falchion          |    99 |   165 |   416 |       ||   680
       Punch             |       |     3 |    24 |    13 ||    40
       Long sword        |       |       |   222 |   348 ||   570
Invok: Lunge             |       |       |     4 |    15 ||    19
       Whirlwind         |       |       |       |     3 ||     3
 Abil: Wall Jump         |       |       |     1 |       ||     1
Evoke: Wand              |       |     3 |    16 |    10 ||    29
  Use: Scroll            |     6 |     1 |    10 |    11 ||    28
       Potion            |     1 |     1 |     7 |    14 ||    23
 Stab: Sleeping          |     4 |     2 |     5 |       ||    11
Armor: Robe              |     5 |       |       |       ||     5
       Ring mail         |    22 |    54 |   173 |       ||   249
       Skin              |       |       |     9 |    29 ||    38
       Swamp dragon scal |       |       |    91 |   151 ||   242
Dodge: Dodged            |    66 |    84 |   438 |   237 ||   825
Block: Other             |       |       |    39 |    53 ||    92
       Rpst.: Falchion   |    28 |    28 |    80 |       ||   136
       Long sword        |       |       |    29 |    64 ||    93

Table legend: (Time is in decaauts)
 A = Elapsed time spent in this place.
 B = Non-inter-level travel time spent in this place.
 C = Inter-level travel time spent in this place.
 D = Time resting spent in this place.
 E = Time spent auto-exploring this place.
 F = Levels seen in this place.
 G = Mean time per level.
                   A        B        C        D        E       F      G
               +--------+--------+--------+--------+--------+-----+--------+
         Total |  14431 |  14185 |    246 |   3456 |   7385 |  12 | 1202.6 |
       Dungeon |  12811 |  12565 |    246 |   3041 |   6798 |  10 | 1281.1 |
        Temple |    103 |    103 |      0 |      0 |      0 |   1 |  103.0 |
         Sewer |   1515 |   1515 |      0 |    415 |    586 |   1 | 1515.0 |
               +--------+--------+--------+--------+--------+-----+--------+

Top non-repeatable levels by time:
     D:6: 2019 daAuts
     D:9: 1646 daAuts
     D:7: 1630 daAuts
     D:3: 1586 daAuts
   Sewer: 1515 daAuts
     D:8: 1453 daAuts
     D:1: 1436 daAuts
     D:2: 1117 daAuts
     D:4: 947 daAuts
     D:5: 883 daAuts
  Temple: 103 daAuts
    D:10: 91 daAuts
